 Dungeon Crawl Stone Soup version 0.28-a0-1613-gdaab1c2f9b (webtiles) character file.

Game seed: 9674058263760772994

3293 Armakuni the Destroyer (level 10, -4/63 HPs)
             Began as a Human Conjurer on Jan 21, 2022.
             Was a Believer of Vehumet.
             Slain by a killer bee (8 damage)
             ... on level 8 of the Dungeon.
             The game lasted 00:23:12 (8825 turns).

Armakuni the Destroyer (Human Conjurer)             Turns: 8825, Time: 00:23:13

Health: -4/63      AC:  6    Str: 11    XL:     10   Next: 20%
Magic:  23/23      EV: 12    Int: 18    God:    Vehumet [**....]
Gold:   1198       SH:  0    Dex: 13    Spells: 17/28 levels left

rFire   . . .      SeeInvis .   a - +3 dagger (elec)
rCold   . . .      Faith    .   (no shield)
rNeg    . . .      Spirit   .   b - +0 robe
rPois   .          Reflect  .   (no helmet)
rElec   .          Harm     .   o - +0 cloak
rCorr   .          Rampage  .   (no gloves)
Will    .....                   n - +2 pair of boots
Stlth   +.........              (no amulet)
HPRegen 0.20/turn               (no ring)
MPRegen 0.18/turn               (no ring)

@: confused, lethally poisoned (-4 -> -12)
A: no striking features
a: Renounce Religion


You were on level 8 of the Dungeon.
You worshipped Vehumet.
Vehumet was pleased with you.
You visited 2 branches of the dungeon, and saw 9 of its levels.
You also visited: Ossuary.

You collected 1198 gold pieces.

Inventory:

Hand Weapons
 a - a +3 dagger of electrocution (weapon)
 l - a +0 quarterstaff
 m - a +1 flail of protection
Armour
 b - a +0 robe (worn)
 i - a +0 leather armour
 n - a +2 pair of boots (worn)
 o - a +0 cloak (worn)
Wands
 h - a wand of acid (12)
 k - a wand of digging (7)
 v - a wand of flame (24)
Scrolls
 d - a scroll of magic mapping
 e - 2 scrolls of identify
 r - 2 scrolls of immolation
 s - 2 scrolls of fog
 w - a scroll of vulnerability
Potions
 f - 4 potions of might
 g - a potion of mutation
 j - 2 potions of magic
 t - a potion of brilliance


   Skills:
 - Level 2.0 Dodging
 - Level 2.0 Stealth
 + Level 9.8 Spellcasting
 - Level 10.0 Conjurations


You had 17 spell levels left.
You knew the following spells:

 Your Spells              Type           Power      Damage    Failure   Level
a - Magic Dart            Conj           100%       1d8       1%          1
b - Apportation           Tloc           16%        N/A       9%          1
c - Mephitic Cloud        Conj/Pois/Air  20%        N/A       6%          3
m - Iskenderun's Mystic   Conj/Tloc      26%        2d7       11%         4
z - Searing Ray           Conj           88%        2d7       1%          2

Your spell library contained the following spells:

 Spells                   Type           Power      Damage    Failure   Level
 Foxfire                  Conj/Fire      100%       2x1d9     1%          1
 Shock                    Conj/Air       100%       1d9       1%          1
 Dazzling Flash           Conj/Hex       52%        N/A       3%          3
 Fulminant Prism          Conj/Hex       13%        3d9       11%         4
 Call Imp                 Summ           8%         N/A       12%         2
 Ensorcelled Hibernation  Hex/Ice        16%        N/A       12%         2
 Passwall                 Tmut/Erth      6%         N/A       12%         2
 Spider Form              Tmut/Pois      8%         N/A       24%         3
 Swiftness                Air            8%         N/A       24%         3
 Tukima's Dance           Hex            8%         N/A       24%         3
 Airstrike                Air            4%         N/A       63%         4
 Anguish                  Hex/Necr       4%         N/A       63%         4
 Passage of Golubria      Tloc           8%         N/A       63%         4
 Alistair's Intoxication  Tmut/Pois      5%         N/A       92%         5
 Yara's Violent Unravell  Hex/Tmut       4%         3d4       92%         5


Dungeon Overview and Level Annotations

Branches:
Dungeon (8/15)             Temple (1/1) D:4         Ossuary (visited)
   Lair: D:8-11

Altars:
Ashenzari
Dithmenos
Gozag
Hepliaklqana
Kikubaaqudgha
Nemelex Xobeh
Qazlal
Ru
Sif Muna
Trog
Uskayaw
Vehumet
Xom
Yredelemnul
Zin
The Shining One

Annotations:
D:7 Joseph


Message History

Aiming: Throw Flame
Press: ? - help, Shift-Dir - straight line, f/p - killer bee
Aim: a killer bee (severely wounded, inner flame, 39% to hit)
The puff of flame hits the killer bee.
Vehumet accepts your kill.
You feel your power returning.
The killer bee explodes!
The orc wizard gestures wildly while chanting.
The orc wizard flickers and vanishes!
Deactivating autopickup; reactivate with Ctrl-A.
A puff of flame appears from out of thin air!
The puff of flame hits you.
* * * LOW HITPOINT WARNING * * *
There is a stone staircase leading up here.
The killer bee is engulfed in blazing flames.
Flame seeps out of the killer bee.
You climb upwards.
Level annotation: Joseph Reactivating autopickup.
Joseph shoots a sling bullet.
The sling bullet hits you.
* * * LOW HITPOINT WARNING * * *
There is a stone staircase leading down, spattered with blood here.
You climb downwards.
The killer bee stings you but does no damage.
The killer bee stings you!
* * * LOW HITPOINT WARNING * * *
The killer bee misses you.
The killer bee stings you but does no damage. x2
The killer bee closely misses you.
There is a stone staircase leading up, spattered with blood here.
Okay, then.
Okay, then.
You feel better. The killer bee stings you.
* * * LOW HITPOINT WARNING * * *
You are lethally poisoned!
The killer bee poisons you! The killer bee closely misses you.
Deactivating autopickup; reactivate with Ctrl-A.
You are confused.
The killer bee closely misses you. The killer bee stings you!
You die...

#. .# ####..
.#####. ......
#......
#....##{...#
###...#....###
#............#
.............#
#.....y@..#
#.......y##
###......#
#.#.>##..# #
#.. ...y. #..
....... ...
....... ##.#
....... #.
.......


You could see 2 killer bees.

Vanquished Creatures
  Pikel (D:7)
  Grinder (D:5)
  Prince Ribbit (D:7)
  A wraith (Ossuary)
  3 yaks (D:5)
  Menkaure (D:5)
  Duvessa (D:7)
  A black bear (D:6)
  An ice beast (D:7)
  An ogre (D:5)
  A centaur (D:7)
  3 lemures (D:7)
  A phantom (D:4)
  3 bullfrogs (D:7)
  Dowan (D:7)
  4 killer bees (D:8)
  A howler monkey (D:5)
  A bullfrog zombie (D:7)
  2 centaur zombies
  4 hounds
  3 jellies
  2 orc priests
  A gnoll shaman (D:5)
  A bullfrog skeleton (D:5)
  2 iguanas
  2 orc wizards
  A killer bee zombie (D:6)
  2 mummies
  6 gnolls
  A howler monkey skeleton (D:7)
  6 adders
  A white imp (D:6)
  3 ufetubi
  An adder skeleton (D:4)
  A worm (D:4)
  3 dart slugs
  7 orcs
  9 ball pythons
  9 endoplasms
  2 giant cockroaches
  6 goblins
  5 hobgoblins
  6 jackals
  6 quokkas
  7 bats
  2 frilled lizards (D:2)
  10 gnoll skeletons (Ossuary)
  8 kobolds
  6 kobold skeletons (Ossuary)
  9 orc skeletons (Ossuary)
  3 rats
164 creatures vanquished.

Vanquished Creatures (others)
  A hound (D:5)
  A bullfrog skeleton (D:5)
  2 fungi (D:2)
4 creatures vanquished.

Grand Total: 168 creatures vanquished

Notes
Turn   | Place    | Note
-------+----------+-------------------------------------------
     0 | D:1      | Armakuni the Human Conjurer began the quest for the Orb.
     0 | D:1      | Reached XP level 1. HP: 13/13 MP: 3/3
   136 | D:1      | Reached XP level 2. HP: 19/19 MP: 1/5
   182 | D:1      | Learned a level 2 spell: Searing Ray
   599 | D:1      | Reached XP level 3. HP: 24/24 MP: 3/6
  1480 | D:2      | Reached XP level 4. HP: 24/30 MP: 3/8
  1863 | D:2      | Reached skill level 5 in Conjurations
  1865 | D:2      | Reached XP level 5. HP: 27/35 MP: 1/10
  2624 | D:2      | Found a faded altar of an unknown god.
  3278 | D:4      | Noticed a phantom
  3385 | D:4      | Found a staircase to the Ecumenical Temple.
  3403 | Temple   | Entered the Ecumenical Temple
  3431 | Temple   | Became a worshipper of Vehumet
  3528 | D:4      | Reached XP level 6. HP: 41/41 MP: 7/11
  3617 | D:4      | Learned a level 1 spell: Apportation
  4099 | D:4      | Reached skill level 6 in Conjurations
  4485 | D:5      | Entered Level 5 of the Dungeon
  4494 | D:5      | Reached XP level 7. HP: 46/46 MP: 5/14
  4607 | D:5      | Noticed Grinder
  4779 | D:5      | Noticed Menkaure
  4786 | D:5      | Killed Menkaure
  4787 | D:5      | Reached skill level 5 in Spellcasting
  4791 | D:5      | Learned a level 3 spell: Mephitic Cloud
  5011 | D:5      | Reached skill level 7 in Conjurations
  5106 | D:5      | Noticed a yak
  5107 | D:5      | Noticed a yak
  5108 | D:5      | Noticed a yak
  5112 | D:5      | Killed a yak
  5113 | D:5      | Reached XP level 8. HP: 52/52 MP: 11/15
  5113 | D:5      | Killed a yak
  5114 | D:5      | Reached skill level 8 in Conjurations
  5122 | D:5      | Killed a yak
  5228 | D:5      | Identified a scroll of acquirement
  5228 | D:5      | Acquired 793 gold pieces
  5326 | D:5      | Reached skill level 9 in Conjurations
  5464 | D:5      | Found a glowing golden altar of the Shining One.
  5473 | D:5      | Found a basalt altar of Yredelemnul.
  5475 | D:5      | Noticed a profane servitor
  5577 | D:5      | Learned a level 4 spell: Iskenderun's Mystic Blast
  5607 | D:5      | Identified the +4 short sword "Undertaker" {flame, rC++
                  | Will-}
  5735 | D:5      | Paralysed by Grinder for 6 turns
  5745 | D:5      | Paralysed by Grinder for 3 turns
  5756 | D:5      | Killed Grinder
  5757 | D:5      | Reached skill level 10 in Conjurations
  5757 | D:5      | Reached XP level 9. HP: 35/57 MP: 5/16
  5946 | D:5      | Noticed an angel
  5983 | D:6      | Found a hide-covered altar of Uskayaw.
  5998 | D:6      | Noticed a +0 hand axe
  5998 | D:6      | Noticed a +0 dagger
  6013 | D:6      | Reached * piety under Vehumet
  6013 | D:6      | Offered knowledge of Freeze by Vehumet.
  6123 | D:6      | Found a sand-covered staircase.
  6137 | Ossuary  | Entered an ossuary
  6815 | Ossuary  | Offered knowledge of Foxfire by Vehumet.
  6937 | D:6      | Reached ** piety under Vehumet
  7417 | D:6      | Found a glowing silver altar of Zin.
  7636 | D:7      | Noticed Prince Ribbit
  7646 | D:7      | Killed Prince Ribbit
  7910 | D:7      | Noticed Duvessa
  7910 | D:7      | Noticed Pikel
  7910 | D:7      | Noticed Dowan
  8374 | D:7      | Killed Pikel
  8375 | D:7      | Reached XP level 10. HP: 60/63 MP: 13/23
  8679 | D:7      | Killed Duvessa
  8693 | D:7      | Killed Dowan
  8704 | D:7      | Noticed Joseph
  8824 | D:8      | HP: 2/63 [killer bee (8)]
  8825 | D:8      | Slain by a killer bee

Illustrated notes

Levels and vault maps discovered:
D:1:      dpeg_arrival_simpleton_b, layout_basic, minmay_cut_off
D:2:      layout_basic, shapermc_ecumenical_altar_acropolis, st_stairs_6,
          moated_statue
D:3:      layout_rooms, serial_glass, glass_columns_b, glass_columns_c,
          minmay_strange_pillars
D:4:      layout_basic, minmay_temple_entry_statues_pillars,
          minmay_misc_feat_roman
D:5:      layout_loops_ring, grunt_temple_overflow_holy_war, uniq_grinder,
          uniq_menkaure
D:6:      layout_rooms, mainiacjoe_overflow_chevrons, dancing_weapons_uskayaw,
          gup_ossuary_entry_pyramid, serial_curves, eino_curves_01,
          eino_curves_02, eino_curves_01, eino_curves_01, minivault_14
D:7:      layout_basic, uniq_duvessa, uniq_prince_ribbit1, uniq_joseph,
          uniq_pikel
D:8:      layout_cave_pools, lemuel_coloured_pillars_altar,
          nicolae_overflow_quartered_altars, wad_dig_loot
Temple:   chequers_temple_sunken

Skill      XL: |  1  2  3  4  5  6  7  8  9 |
---------------+----------------------------+-----
Spellcasting   | 3 4 5 9 |  9.8
Conjurations   | 5 6 7 10 | 10.0
Dodging        | |  2.0
Stealth        | |  2.0

Action                   |  1- 3 |  4- 6 |  7- 9 | 10-12 || total
-------------------------+-------+-------+-------+-------++-------
Melee: Whip              |     5 |     1 |       |       ||     6
       Dagger            |       |    11 |     4 |       ||    15
 Cast: Magic Dart        |     9 |       |     1 |       ||    10
       Searing Ray       |    24 |    47 |    69 |     9 ||   149
       Mephitic Cloud    |       |       |     1 |       ||     1
Evoke: Wand              |       |       |     3 |     2 ||     5
  Use: Scroll            |       |     7 |    13 |     2 ||    22
       Potion            |       |       |     5 |     2 ||     7
Armor: Robe              |     8 |     5 |    17 |     8 ||    38
Dodge: Dodged            |    10 |    37 |    40 |    13 ||   100

Table legend: (Time is in decaauts)
 A = Elapsed time spent in this place.
 B = Non-inter-level travel time spent in this place.
 C = Inter-level travel time spent in this place.
 D = Time resting spent in this place.
 E = Time spent auto-exploring this place.
 F = Levels seen in this place.
 G = Mean time per level.
                   A        B        C        D        E       F      G
               +--------+--------+--------+--------+--------+-----+--------+
         Total |   8798 |   8525 |    273 |   2364 |   4441 |  10 |  879.8 |
       Dungeon |   7992 |   7744 |    248 |   2032 |   4198 |   8 |  999.0 |
        Temple |     57 |     32 |     25 |      0 |      0 |   1 |   57.0 |
       Ossuary |    748 |    748 |      0 |    332 |    243 |   1 |  748.0 |
               +--------+--------+--------+--------+--------+-----+--------+

Top non-repeatable levels by time:
     D:1: 1476 daAuts
     D:5: 1433 daAuts
     D:2: 1256 daAuts
     D:4: 1188 daAuts
     D:7: 1126 daAuts
     D:6: 850 daAuts
 Ossuary: 748 daAuts
     D:3: 565 daAuts
     D:8: 96 daAuts
  Temple: 57 daAuts
